Flyers vs Penguins

Created - March 11 2011 at 17:35

Goals
1 2 3 T
Flyers 1 1 1 3
Penguins 0 2 0 2
Shots
1 2 3 T
Flyers 9 15 9 33
Penguins 13 13 5 31

Period #1

1. Flyers , Andrei Markov 12 (Justin Williams, Chris Pronger) at 8:24 (PP)

Penalties :
Rob Blake (PHI) for Slashing (Minor) at 4:21, Daniel Winnik (PIT) for Roughing (Minor) at 7:16, Justin Williams (PHI) for Roughing (Minor) at 14:03

Period #2

2. Penguins , Sami Salo 5 (Jason Pominville) at 8:11 (PP)
3. Penguins , T.J. Galiardi 10 (Sami Salo) at 10:07
4. Flyers , Radim Vrbata 23 (Niklas Hagman, Kevin Bieksa) at 13:00 (PP)

Penalties :
Rostislav Klesla (PHI) for Hooking (Minor) at 2:29, John Madden (PHI) for High sticking (Minor) at 5:46, Glen Metropolit (PHI) for Delaying the game (Minor) at 6:19, Kevin Bieksa (PHI) for Tripping (Minor) at 7:49, Pavel Datsyuk (PIT) for Hooking (Minor) at 11:37, Christoph Schubert (PIT) for Interference (Minor) at 13:31, Ladislav Smid (PHI) for Hooking (Minor) at 18:24

Period #3

5. Flyers , Alexandre Picard 8 (Andrej Sekera, Lee Stempniak) at 19:39

Penalties :
Lee Stempniak (PHI) for Hooking (Minor) at 1:44, Kyle Brodziak (PHI) for Interference (Minor) at 8:23, Jason Pominville (PIT) for Interference (Minor) at 13:02

Goalie Stats

Tomas Vokoun (PHI), 29 saves from 31 shots - (0.935), W, 29-25-10, 60:00 minutes
Marc-Andre Fleury (PIT), 30 saves from 33 shots - (0.909), L, 40-16-6, 59:55 minutes

Players Stats

Flyers
Player Name              G  A  P  +/- PIM S  H  SB FO    MP 
------------------------------------------------------------
Alexandre Picard         1  0  1   0  0   4  1  1  1/1   17 
Andrei Markov            1  0  1   0  0   2  0  0  0/0   22 
Andrej Sekera            0  1  1   1  0   2  2  0  0/0   10 
Chris Pronger            0  1  1   0  0   5  0  0  0/0   22 
Glen Metropolit          0  0  0  -1  2   6  0  2  15/27 18 
Jochen Hecht             0  0  0   0  0   2  3  0  0/3   23 
John Madden              0  0  0   0  2   0  3  1  12/26 21 
Justin Williams          0  1  1   0  2   1  1  0  1/1   16 
Kevin Bieksa             0  1  1   0  2   2  1  0  0/0   18 
Kurt Sauer               0  0  0   0  0   0  0  0  0/0   7  
Kyle Brodziak            0  0  0   1  2   1  0  0  7/14  12 
Ladislav Smid            0  0  0   0  2   0  1  0  0/0   14 
Lee Stempniak            0  1  1   0  2   3  1  0  0/1   11 
Niklas Hagman            0  1  1   0  0   3  1  0  0/2   20 
Radim Vrbata             1  0  1   0  0   1  0  0  1/1   14 
Rob Blake                0  0  0   0  2   1  0  0  0/0   18 
Rostislav Klesla         0  0  0  -1  2   0  2  1  0/0   10 
Tim Connolly             0  0  0   0  0   0  0  0  5/8   9  
Penguins
Player Name              G  A  P  +/- PIM S  H  SB FO    MP 
------------------------------------------------------------
Blair Betts              0  0  0   0  0   0  0  0  7/12  10 
Bobby Ryan               0  0  0  -1  0   2  4  0  0/1   21 
Brad Richards            0  0  0  -1  0   2  0  0  16/28 23 
Brooks Orpik             0  0  0  -1  0   1  1  1  0/0   21 
Christoph Schubert       0  0  0   1  2   0  1  0  0/0   13 
Dan Girardi              0  0  0   0  0   2  0  0  0/0   22 
Daniel Sedin             0  0  0  -1  0   5  0  0  1/5   23 
Daniel Winnik            0  0  0   1  2   1  0  0  0/0   12 
Henrik Sedin             0  0  0   0  0   3  1  0  7/14  17 
Jason Pominville         0  1  1   0  2   3  0  0  1/1   18 
John-Michael Liles       0  0  0   0  0   0  0  1  0/0   10 
Matt Moulson             0  0  0   1  0   0  0  0  0/1   14 
Nicklas Lidstrom         0  0  0   0  0   1  0  0  0/0   24 
Pavel Datsyuk            0  0  0   0  2   2  2  0  2/4   22 
Sami Salo                1  1  2   1  0   2  0  3  0/0   14 
Scott Gomez              0  0  0   0  0   0  0  0  0/0   1  
Stephane Robidas         0  0  0  -1  0   1  0  0  0/0   15 
T.J. Galiardi            1  0  1   1  0   6  2  0  8/18  13 

3 Stars

1 - Sami Salo (PIT)
2 - T.J. Galiardi (PIT)
3 - Alexandre Picard (PHI)

Power Play

Flyers - 2 on 4 Attempt(s) - 50.00%
Penguins - 1 on 9 Attempt(s) - 11.11%

Penalty Kill

Flyers - 8 on 9 Attempt(s) - 88.89% - Score 0 goal in Penalty Kill
Penguins - 2 on 4 Attempt(s) - 50.00% - Score 0 goal in Penalty Kill

Game Notes

Tim Connolly is injured at 2:18 of 2nd period (Bruised Left Shoulder)

Finance

Level 1 -- Attendance: 5506 (84.71%) -- Ticket Income $523,070.00
Level 2 -- Attendance: 3764 (75.28%) -- Ticket Income $207,020.00
Level 3 -- Attendance: 3340 (95.43%) -- Ticket Income $113,560.00
Level 4 -- Attendance: 2087 (100.00%) -- Ticket Income $31,305.00
Luxury Box -- Attendance: 774 (77.40%) -- Ticket Income $154,800.00
Game was played at the Consol Energy Center
Total Attendance: 15471 (85.54%)
Total Ticket Income: $1,049,217.00
Other Income: $212,783.10
Total Income: $1,262,000.00


Play by Play

Period #1

0:01 of 1st period - Tim Connolly wins face-off versus Henrik Sedin in neutral zone.
0:25 of 1st period - Stephane Robidas is hit by Jochen Hecht and loses puck.
0:44 of 1st period - Tim Connolly is hit by Bobby Ryan and loses puck.
2:09 of 1st period - T.J. Galiardi is hit by Alexandre Picard and loses puck.
2:50 of 1st period - Shot by Jochen Hecht.
2:50 of 1st period - Stopped by Marc-Andre Fleury without a rebound.
2:51 of 1st period - Henrik Sedin wins face-off versus Tim Connolly in Penguins zone.
3:07 of 1st period - Shot by Daniel Sedin.
3:07 of 1st period - Stopped by Tomas Vokoun with a rebound.
4:05 of 1st period - Icing by Chris Pronger.
4:06 of 1st period - Tim Connolly wins face-off versus T.J. Galiardi in Flyers zone.
4:19 of 1st period - Shot by Bobby Ryan.
4:19 of 1st period - Shot Misses the Net.
4:21 of 1st period - Shot by T.J. Galiardi.
4:21 of 1st period - Stopped by Tomas Vokoun without a rebound.
4:21 of 1st period - Minor Penalty to Rob Blake for Slashing.
4:22 of 1st period - Brad Richards wins face-off versus John Madden in Flyers zone.
4:48 of 1st period - Shot by Jason Pominville.
4:48 of 1st period - Shot Misses the Net.
5:35 of 1st period - Shot by Daniel Sedin.
5:35 of 1st period - Stopped by Tomas Vokoun without a rebound.
5:36 of 1st period - Henrik Sedin wins face-off versus Glen Metropolit in Flyers zone.
5:43 of 1st period - Shot by Bobby Ryan.
5:43 of 1st period - Stopped by Tomas Vokoun without a rebound.
5:44 of 1st period - John Madden wins face-off versus Bobby Ryan in Flyers zone.
6:04 of 1st period - Shot by Nicklas Lidstrom.
6:04 of 1st period - Stopped by Tomas Vokoun with a rebound.
6:06 of 1st period - Shot by Pavel Datsyuk.
6:06 of 1st period - Stopped by Tomas Vokoun with a rebound.
6:08 of 1st period - Shot by Henrik Sedin.
6:08 of 1st period - Stopped by Tomas Vokoun without a rebound.
6:09 of 1st period - Glen Metropolit wins face-off versus Brad Richards in Flyers zone.
6:17 of 1st period - Off-side.
6:18 of 1st period - Glen Metropolit wins face-off versus Brad Richards in neutral zone.
6:25 of 1st period - Shot by Glen Metropolit.
6:25 of 1st period - Shot Misses the Net.
6:27 of 1st period - Shot by Alexandre Picard.
6:27 of 1st period - Stopped by Marc-Andre Fleury without a rebound.
6:28 of 1st period - T.J. Galiardi wins face-off versus Lee Stempniak in Penguins zone.
7:16 of 1st period - Minor Penalty to Daniel Winnik for Roughing.
7:17 of 1st period - Pavel Datsyuk wins face-off versus John Madden in Penguins zone.
7:17 of 1st period - Pavel Datsyuk is hit by John Madden.
7:24 of 1st period - Icing by Radim Vrbata.
7:25 of 1st period - John Madden wins face-off versus Brad Richards in Flyers zone.
7:32 of 1st period - Shot by Rob Blake.
7:32 of 1st period - Shot Misses the Net.
7:36 of 1st period - Shot by Kevin Bieksa.
7:36 of 1st period - Shot Misses the Net.
8:08 of 1st period - Henrik Sedin is hit by Jochen Hecht.
8:22 of 1st period - Shot by Justin Williams.
8:22 of 1st period - Stopped by Marc-Andre Fleury with a rebound.
8:24 of 1st period - Shot by Andrei Markov.
8:24 of 1st period - Goal by Andrei Markov - Flyers : 1 - Penguins : 0.
8:25 of 1st period - Glen Metropolit wins face-off versus Blair Betts in neutral zone.
8:54 of 1st period - Off-side.
8:55 of 1st period - Kyle Brodziak wins face-off versus Brad Richards in neutral zone.
9:05 of 1st period - Icing by Pavel Datsyuk.
9:06 of 1st period - Tim Connolly wins face-off versus Brad Richards in Penguins zone.
9:23 of 1st period - Shot by Chris Pronger.
9:23 of 1st period - Stopped by Marc-Andre Fleury without a rebound.
9:24 of 1st period - T.J. Galiardi wins face-off versus John Madden in Penguins zone.
10:00 of 1st period - Icing by Rob Blake.
10:01 of 1st period - John Madden wins face-off versus Brad Richards in Flyers zone.
10:32 of 1st period - Icing by Dan Girardi.
10:33 of 1st period - Glen Metropolit wins face-off versus Brad Richards in Penguins zone.
10:46 of 1st period - Shot by Lee Stempniak.
10:46 of 1st period - Stopped by Marc-Andre Fleury without a rebound.
10:47 of 1st period - Kyle Brodziak wins face-off versus Blair Betts in Penguins zone.
11:34 of 1st period - Shot by Glen Metropolit.
11:34 of 1st period - Stopped by Marc-Andre Fleury without a rebound.
11:35 of 1st period - T.J. Galiardi wins face-off versus John Madden in Penguins zone.
11:35 of 1st period - T.J. Galiardi is hit by John Madden.
11:51 of 1st period - Shot by Sami Salo.
11:51 of 1st period - Stopped by Tomas Vokoun without a rebound.
11:52 of 1st period - Brad Richards wins face-off versus Glen Metropolit in Flyers zone.
12:09 of 1st period - Shot by Jason Pominville.
12:09 of 1st period - Stopped by Tomas Vokoun with a rebound.
12:26 of 1st period - Pavel Datsyuk is hit by Rostislav Klesla and loses puck.
12:48 of 1st period - Icing by Rob Blake.
12:49 of 1st period - Radim Vrbata wins face-off versus T.J. Galiardi in Flyers zone.
12:49 of 1st period - Radim Vrbata is hit by T.J. Galiardi.
13:41 of 1st period - Daniel Winnik is hit by Justin Williams and loses puck.
14:03 of 1st period - Minor Penalty to Justin Williams for Roughing.
14:04 of 1st period - Brad Richards wins face-off versus John Madden in Flyers zone.
15:44 of 1st period - Shot by Pavel Datsyuk.
15:44 of 1st period - Shot Misses the Net.
15:46 of 1st period - Shot by Jason Pominville.
15:46 of 1st period - Stopped by Tomas Vokoun with a rebound.
15:51 of 1st period - Shot by Pavel Datsyuk.
15:51 of 1st period - Deflect By Brad Richards.
15:51 of 1st period - Shot Misses the Net.
16:04 of 1st period - Brad Richards is hit by Ladislav Smid and loses puck.
16:07 of 1st period - Shot by T.J. Galiardi.
16:07 of 1st period - Stopped by Tomas Vokoun without a rebound.
16:08 of 1st period - T.J. Galiardi wins face-off versus Glen Metropolit in Flyers zone.
16:08 of 1st period - Bobby Ryan is hit by Rostislav Klesla and loses puck.
16:23 of 1st period - Shot by Lee Stempniak.
16:23 of 1st period - Shot Misses the Net.
16:25 of 1st period - Shot by Ladislav Smid.
16:25 of 1st period - Shot Misses the Net.
16:27 of 1st period - Shot by Rostislav Klesla.
16:27 of 1st period - Shot Misses the Net.
16:37 of 1st period - Shot by Alexandre Picard.
16:37 of 1st period - Stopped by Marc-Andre Fleury without a rebound.
16:38 of 1st period - Blair Betts wins face-off versus John Madden in Penguins zone.
17:37 of 1st period - Shot by Glen Metropolit.
17:37 of 1st period - Shot Blocked by John-Michael Liles.
17:44 of 1st period - Shot by Glen Metropolit.
17:44 of 1st period - Stopped by Marc-Andre Fleury without a rebound.
17:45 of 1st period - Alexandre Picard wins face-off versus T.J. Galiardi in Penguins zone.
18:10 of 1st period - Shot by T.J. Galiardi.
18:10 of 1st period - Stopped by Tomas Vokoun without a rebound.
18:11 of 1st period - Brad Richards wins face-off versus Tim Connolly in Flyers zone.
19:05 of 1st period - Icing by Tim Connolly.
19:06 of 1st period - Tim Connolly wins face-off versus T.J. Galiardi in Flyers zone.
19:25 of 1st period - Shot by T.J. Galiardi.
19:25 of 1st period - Stopped by Tomas Vokoun without a rebound.
19:26 of 1st period - Blair Betts wins face-off versus Glen Metropolit in Flyers zone.
19:29 of 1st period - Shot by John-Michael Liles.
19:29 of 1st period - Shot Misses the Net.
19:36 of 1st period - Icing by Lee Stempniak.
19:37 of 1st period - Glen Metropolit wins face-off versus Daniel Sedin in Flyers zone.
19:45 of 1st period - Lee Stempniak is hit by Henrik Sedin and loses puck.
19:56 of 1st period - Shot by Henrik Sedin.
19:56 of 1st period - Shot Blocked by Alexandre Picard.

Period #2

0:01 of 2nd period - Tim Connolly wins face-off versus Henrik Sedin in neutral zone.
0:10 of 2nd period - Shot by Henrik Sedin.
0:10 of 2nd period - Stopped by Tomas Vokoun without a rebound.
0:11 of 2nd period - John Madden wins face-off versus Brad Richards in Flyers zone.
1:27 of 2nd period - Shot by Daniel Sedin.
1:27 of 2nd period - Stopped by Tomas Vokoun without a rebound.
1:28 of 2nd period - Glen Metropolit wins face-off versus T.J. Galiardi in Flyers zone.
1:45 of 2nd period - Shot by Christoph Schubert.
1:45 of 2nd period - Shot Blocked by Glen Metropolit.
1:47 of 2nd period - Shot by Sami Salo.
1:47 of 2nd period - Shot Blocked by Rostislav Klesla.
1:51 of 2nd period - Shot by T.J. Galiardi.
1:51 of 2nd period - Stopped by Tomas Vokoun without a rebound.
1:52 of 2nd period - Blair Betts wins face-off versus Kyle Brodziak in Flyers zone.
2:03 of 2nd period - Shot by Andrej Sekera.
2:03 of 2nd period - Stopped by Marc-Andre Fleury without a rebound.
2:04 of 2nd period - Brad Richards wins face-off versus Tim Connolly in Penguins zone.
2:17 of 2nd period - Tim Connolly is hit by Pavel Datsyuk and loses puck.
2:18 of 2nd period - Tim Connolly from Flyers is injured at 2:18 of 2nd period (Bruised Left Shoulder).
2:19 of 2nd period - Blair Betts wins face-off versus Glen Metropolit in Flyers zone.
2:29 of 2nd period - Minor Penalty to Rostislav Klesla for Hooking.
2:30 of 2nd period - John Madden wins face-off versus Brad Richards in Flyers zone.
2:43 of 2nd period - Shot by Pavel Datsyuk.
2:43 of 2nd period - Stopped by Tomas Vokoun with a rebound.
3:00 of 2nd period - Off-side.
3:01 of 2nd period - John Madden wins face-off versus Henrik Sedin in neutral zone.
4:36 of 2nd period - Shot by Lee Stempniak.
4:36 of 2nd period - Shot Blocked by Sami Salo.
4:40 of 2nd period - Shot by Lee Stempniak.
4:40 of 2nd period - Stopped by Marc-Andre Fleury without a rebound.
4:41 of 2nd period - Blair Betts wins face-off versus Kyle Brodziak in Penguins zone.
5:46 of 2nd period - Minor Penalty to John Madden for High sticking.
5:47 of 2nd period - Glen Metropolit wins face-off versus Brad Richards in Flyers zone.
5:53 of 2nd period - Icing by Pavel Datsyuk.
5:54 of 2nd period - Brad Richards wins face-off versus Jochen Hecht in Penguins zone.
6:16 of 2nd period - Icing by Brooks Orpik.
6:17 of 2nd period - Brad Richards wins face-off versus Glen Metropolit in Penguins zone.
6:19 of 2nd period - Minor Penalty to Glen Metropolit for Delaying the game.
6:20 of 2nd period - Henrik Sedin wins face-off versus Niklas Hagman in Flyers zone.
7:49 of 2nd period - Minor Penalty to Kevin Bieksa for Tripping.
7:50 of 2nd period - Henrik Sedin wins face-off versus Jochen Hecht in Flyers zone.
8:09 of 2nd period - Shot by Henrik Sedin.
8:09 of 2nd period - Stopped by Tomas Vokoun without a rebound.
8:10 of 2nd period - Jason Pominville wins face-off versus Jochen Hecht in Flyers zone.
8:11 of 2nd period - Shot by Sami Salo.
8:11 of 2nd period - Goal by Sami Salo - Flyers : 1 - Penguins : 1.
8:12 of 2nd period - John Madden wins face-off versus Brad Richards in neutral zone.
9:06 of 2nd period - Shot by Stephane Robidas.
9:06 of 2nd period - Stopped by Tomas Vokoun with a rebound.
9:08 of 2nd period - Shot by Henrik Sedin.
9:08 of 2nd period - Deflect By Daniel Sedin.
9:08 of 2nd period - Stopped by Tomas Vokoun without a rebound.
9:09 of 2nd period - Glen Metropolit wins face-off versus Henrik Sedin in Flyers zone.
9:09 of 2nd period - Glen Metropolit is hit by Bobby Ryan.
9:57 of 2nd period - Shot by Daniel Winnik.
9:57 of 2nd period - Stopped by Tomas Vokoun without a rebound.
9:58 of 2nd period - T.J. Galiardi wins face-off versus Glen Metropolit in Flyers zone.
10:07 of 2nd period - Shot by T.J. Galiardi.
10:07 of 2nd period - Goal by T.J. Galiardi - Flyers : 1 - Penguins : 2.
10:08 of 2nd period - Kyle Brodziak wins face-off versus Daniel Sedin in neutral zone.
11:24 of 2nd period - Shot by Glen Metropolit.
11:24 of 2nd period - Stopped by Marc-Andre Fleury without a rebound.
11:25 of 2nd period - Brad Richards wins face-off versus Glen Metropolit in Penguins zone.
11:37 of 2nd period - Minor Penalty to Pavel Datsyuk for Hooking.
11:38 of 2nd period - Henrik Sedin wins face-off versus Glen Metropolit in Penguins zone.
12:27 of 2nd period - Dan Girardi is hit by John Madden and loses puck.
12:32 of 2nd period - Shot by Kevin Bieksa.
12:32 of 2nd period - Stopped by Marc-Andre Fleury with a rebound.
12:34 of 2nd period - Shot by Rob Blake.
12:34 of 2nd period - Stopped by Marc-Andre Fleury without a rebound.
12:35 of 2nd period - Brad Richards wins face-off versus John Madden in Penguins zone.
12:52 of 2nd period - Shot by Chris Pronger.
12:52 of 2nd period - Stopped by Marc-Andre Fleury without a rebound.
12:53 of 2nd period - Glen Metropolit wins face-off versus Daniel Sedin in Penguins zone.
12:56 of 2nd period - Shot by Kevin Bieksa.
12:56 of 2nd period - Shot Misses the Net.
12:58 of 2nd period - Shot by Niklas Hagman.
12:58 of 2nd period - Stopped by Marc-Andre Fleury with a rebound.
13:00 of 2nd period - Shot by Radim Vrbata.
13:00 of 2nd period - Goal by Radim Vrbata - Flyers : 2 - Penguins : 2.
13:01 of 2nd period - Justin Williams wins face-off versus T.J. Galiardi in neutral zone.
13:15 of 2nd period - Icing by Christoph Schubert.
13:16 of 2nd period - T.J. Galiardi wins face-off versus Glen Metropolit in Penguins zone.
13:16 of 2nd period - T.J. Galiardi is hit by Lee Stempniak.
13:31 of 2nd period - Minor Penalty to Christoph Schubert for Interference.
13:32 of 2nd period - Daniel Sedin wins face-off versus John Madden in Penguins zone.
13:49 of 2nd period - Daniel Sedin is hit by Niklas Hagman and loses puck.
14:33 of 2nd period - Shot by Glen Metropolit.
14:33 of 2nd period - Deflect By Jochen Hecht.
14:33 of 2nd period - Stopped by Marc-Andre Fleury without a rebound.
14:34 of 2nd period - John Madden wins face-off versus Pavel Datsyuk in Penguins zone.
14:47 of 2nd period - Andrei Markov is hit by Pavel Datsyuk and loses puck.
14:54 of 2nd period - Dan Girardi is hit by Jochen Hecht and loses puck.
15:35 of 2nd period - Icing by Sami Salo.
15:36 of 2nd period - Glen Metropolit wins face-off versus T.J. Galiardi in Penguins zone.
15:39 of 2nd period - Shot by Alexandre Picard.
15:39 of 2nd period - Stopped by Marc-Andre Fleury with a rebound.
15:43 of 2nd period - Shot by Glen Metropolit.
15:43 of 2nd period - Stopped by Marc-Andre Fleury without a rebound.
15:44 of 2nd period - Glen Metropolit wins face-off versus T.J. Galiardi in Penguins zone.
16:27 of 2nd period - Shot by Niklas Hagman.
16:27 of 2nd period - Shot Misses the Net.
16:29 of 2nd period - Shot by Kyle Brodziak.
16:29 of 2nd period - Deflect By Niklas Hagman.
16:29 of 2nd period - Shot Blocked by Sami Salo.
16:35 of 2nd period - Shot by Niklas Hagman.
16:35 of 2nd period - Stopped by Marc-Andre Fleury with a rebound.
16:37 of 2nd period - Shot by Kyle Brodziak.
16:37 of 2nd period - Stopped by Marc-Andre Fleury without a rebound.
16:38 of 2nd period - Brad Richards wins face-off versus Kyle Brodziak in Penguins zone.
16:57 of 2nd period - Shot by Brad Richards.
16:57 of 2nd period - Stopped by Tomas Vokoun with a rebound.
16:59 of 2nd period - Shot by Jason Pominville.
16:59 of 2nd period - Stopped by Tomas Vokoun with a rebound.
17:05 of 2nd period - Shot by Jason Pominville.
17:05 of 2nd period - Shot Misses the Net.
17:27 of 2nd period - Shot by Lee Stempniak.
17:27 of 2nd period - Stopped by Marc-Andre Fleury with a rebound.
17:29 of 2nd period - Shot by Glen Metropolit.
17:29 of 2nd period - Stopped by Marc-Andre Fleury without a rebound.
17:30 of 2nd period - John Madden wins face-off versus Blair Betts in Penguins zone.
18:24 of 2nd period - Minor Penalty to Ladislav Smid for Hooking.
18:25 of 2nd period - Glen Metropolit wins face-off versus Henrik Sedin in Flyers zone.
18:25 of 2nd period - Jochen Hecht is hit by Bobby Ryan and loses puck.
19:04 of 2nd period - Shot by Brad Richards.
19:04 of 2nd period - Stopped by Tomas Vokoun without a rebound.
19:05 of 2nd period - Brad Richards wins face-off versus John Madden in Flyers zone.

Period #3

0:01 of 3rd period - Henrik Sedin wins face-off versus John Madden in neutral zone.
0:06 of 3rd period - Andrei Markov is hit by Bobby Ryan and loses puck.
0:46 of 3rd period - Shot by Lee Stempniak.
0:46 of 3rd period - Deflect By Glen Metropolit.
0:46 of 3rd period - Stopped by Marc-Andre Fleury without a rebound.
0:47 of 3rd period - John Madden wins face-off versus T.J. Galiardi in Penguins zone.
0:47 of 3rd period - John Madden is hit by Christoph Schubert.
0:53 of 3rd period - Shot by Chris Pronger.
0:53 of 3rd period - Stopped by Marc-Andre Fleury without a rebound.
0:54 of 3rd period - John Madden wins face-off versus Blair Betts in Penguins zone.
1:44 of 3rd period - Minor Penalty to Lee Stempniak for Hooking.
1:45 of 3rd period - Brad Richards wins face-off versus Niklas Hagman in Flyers zone.
3:31 of 3rd period - Shot by Jason Pominville.
3:31 of 3rd period - Shot Misses the Net.
3:33 of 3rd period - Shot by Dan Girardi.
3:33 of 3rd period - Shot Hit the Post.
3:35 of 3rd period - Shot by Dan Girardi.
3:35 of 3rd period - Stopped by Tomas Vokoun with a rebound.
3:37 of 3rd period - Shot by Pavel Datsyuk.
3:37 of 3rd period - Shot Misses the Net.
3:39 of 3rd period - Shot by Dan Girardi.
3:39 of 3rd period - Stopped by Tomas Vokoun without a rebound.
3:40 of 3rd period - Kyle Brodziak wins face-off versus Henrik Sedin in Flyers zone.
3:55 of 3rd period - Shot by Matt Moulson.
3:55 of 3rd period - Shot Misses the Net.
3:58 of 3rd period - Icing by Jochen Hecht.
3:59 of 3rd period - Blair Betts wins face-off versus Kyle Brodziak in Flyers zone.
3:59 of 3rd period - Daniel Sedin is hit by Andrej Sekera and loses puck.
4:03 of 3rd period - Icing by Kurt Sauer.
4:04 of 3rd period - T.J. Galiardi wins face-off versus Kyle Brodziak in Flyers zone.
4:08 of 3rd period - Bobby Ryan is hit by Andrej Sekera and loses puck.
5:05 of 3rd period - Glen Metropolit is hit by T.J. Galiardi and loses puck.
6:34 of 3rd period - Shot by John Madden.
6:34 of 3rd period - Shot Misses the Net.
7:04 of 3rd period - Shot by Radim Vrbata.
7:04 of 3rd period - Shot Misses the Net.
7:08 of 3rd period - Shot by Kevin Bieksa.
7:08 of 3rd period - Stopped by Marc-Andre Fleury without a rebound.
7:09 of 3rd period - Kyle Brodziak wins face-off versus T.J. Galiardi in Penguins zone.
7:39 of 3rd period - Shot by Niklas Hagman.
7:39 of 3rd period - Shot Misses the Net.
8:16 of 3rd period - Shot by Daniel Sedin.
8:16 of 3rd period - Shot Misses the Net.
8:23 of 3rd period - Minor Penalty to Kyle Brodziak for Interference.
8:24 of 3rd period - Brad Richards wins face-off versus Glen Metropolit in Flyers zone.
9:19 of 3rd period - Shot by Nicklas Lidstrom.
9:19 of 3rd period - Shot Blocked by Glen Metropolit.
9:29 of 3rd period - Shot by Bobby Ryan.
9:29 of 3rd period - Stopped by Tomas Vokoun without a rebound.
9:30 of 3rd period - John Madden wins face-off versus Brad Richards in Flyers zone.
9:52 of 3rd period - Shot by Pavel Datsyuk.
9:52 of 3rd period - Shot Misses the Net.
9:56 of 3rd period - Shot by Pavel Datsyuk.
9:56 of 3rd period - Shot Blocked by John Madden.
9:58 of 3rd period - Shot by Pavel Datsyuk.
9:58 of 3rd period - Shot Misses the Net.
10:24 of 3rd period - Icing by Justin Williams.
10:25 of 3rd period - Blair Betts wins face-off versus Kyle Brodziak in Flyers zone.
10:31 of 3rd period - Off-side.
10:32 of 3rd period - T.J. Galiardi wins face-off versus John Madden in neutral zone.
12:39 of 3rd period - Icing by John-Michael Liles.
12:40 of 3rd period - Kyle Brodziak wins face-off versus Blair Betts in Penguins zone.
12:49 of 3rd period - Shot by Niklas Hagman.
12:49 of 3rd period - Stopped by Marc-Andre Fleury without a rebound.
12:50 of 3rd period - Brad Richards wins face-off versus John Madden in Penguins zone.
13:02 of 3rd period - Minor Penalty to Jason Pominville for Interference.
13:03 of 3rd period - Glen Metropolit wins face-off versus Pavel Datsyuk in Penguins zone.
13:12 of 3rd period - Shot by Chris Pronger.
13:12 of 3rd period - Stopped by Marc-Andre Fleury without a rebound.
13:13 of 3rd period - Pavel Datsyuk wins face-off versus John Madden in Penguins zone.
14:18 of 3rd period - Shot by Chris Pronger.
14:18 of 3rd period - Stopped by Marc-Andre Fleury without a rebound.
14:19 of 3rd period - Glen Metropolit wins face-off versus Daniel Sedin in Penguins zone.
14:42 of 3rd period - Shot by Andrei Markov.
14:42 of 3rd period - Stopped by Marc-Andre Fleury with a rebound.
14:44 of 3rd period - Shot by Chris Pronger.
14:44 of 3rd period - Shot Misses the Net.
14:46 of 3rd period - Shot by Chris Pronger.
14:46 of 3rd period - Shot Misses the Net.
14:48 of 3rd period - Shot by Andrei Markov.
14:48 of 3rd period - Shot Misses the Net.
15:14 of 3rd period - Shot by Kevin Bieksa.
15:14 of 3rd period - Shot Misses the Net.
15:16 of 3rd period - Shot by Kyle Brodziak.
15:16 of 3rd period - Shot Blocked by Sami Salo.
15:20 of 3rd period - Shot by Radim Vrbata.
15:20 of 3rd period - Deflect By Alexandre Picard.
15:20 of 3rd period - Shot Misses the Net.
15:35 of 3rd period - Bobby Ryan is hit by Kevin Bieksa.
15:48 of 3rd period - Icing by Kyle Brodziak.
15:49 of 3rd period - Henrik Sedin wins face-off versus Kyle Brodziak in Flyers zone.
16:00 of 3rd period - Shot by Henrik Sedin.
16:00 of 3rd period - Shot Misses the Net.
16:04 of 3rd period - Shot by Daniel Sedin.
16:04 of 3rd period - Stopped by Tomas Vokoun without a rebound.
16:05 of 3rd period - Brad Richards wins face-off versus John Madden in Flyers zone.
17:38 of 3rd period - Shot by Brad Richards.
17:38 of 3rd period - Shot Misses the Net.
18:06 of 3rd period - Shot by Daniel Sedin.
18:06 of 3rd period - Shot Misses the Net.
18:08 of 3rd period - Shot by Brooks Orpik.
18:08 of 3rd period - Stopped by Tomas Vokoun without a rebound.
18:09 of 3rd period - Glen Metropolit wins face-off versus Matt Moulson in Flyers zone.
18:53 of 3rd period - Icing by Brooks Orpik.
18:54 of 3rd period - Brad Richards wins face-off versus Glen Metropolit in Penguins zone.
19:10 of 3rd period - Glen Metropolit is hit by Brooks Orpik and loses puck.
19:35 of 3rd period - Shot by Lee Stempniak.
19:35 of 3rd period - Shot Blocked by Brooks Orpik.
19:37 of 3rd period - Shot by Andrej Sekera.
19:37 of 3rd period - Stopped by Marc-Andre Fleury with a rebound.
19:39 of 3rd period - Shot by Alexandre Picard.
19:39 of 3rd period - Goal by Alexandre Picard - Flyers : 3 - Penguins : 2.
19:40 of 3rd period - Kyle Brodziak wins face-off versus Henrik Sedin in neutral zone.
19:55 of 3rd period - Penguins, Marc-Andre Fleury is pulled from the net.


Output by the SimonT Hockey Simulator (STHS) for Stephane Roy -- Original Page W3C XHTML 1.0 Valid